AoeStats
← educornejo07

QS Arena

503239773Analyzed
1v1 RM · 2mo ago on Aug 30, 2026· 53m 24s· 2 players
Game mode
Random Map
Map size
Tiny (2 player)
Population
200
Speed
Normal
Resources
Standard
Victory
Conquest
Starting age
Dark Age
Ending age
Imperial Age
RankedLock teamsTeams togetherTeam positionsShared explorationLock speedFull tech treeHidden civsTurbo modeCheats
Victory
Defeat
🇲🇽 Portuguese · Mexico
665
+16
vs
🇨🇦 Mongols · Canada
668
-24
educornejo07
2:05 Loom
8:05 Feudal Age
8:57 Double-Bit Axe
10:34 Horse Collar
18:40 Castle Age
21:05 Thumb Ring
22:24 Fervor
22:57 Light Cavalry
23:49 Fletching
24:29 Heavy Plow
24:20 Crossbowman
26:19 Ballistics
29:51 Wheelbarrow
29:51 Scale Barding Armor
31:05 Bodkin Arrow
35:00 Imperial Age
33:39 Murder Holes
33:56 Masonry
33:40 Gambesons
34:49 Chain Barding Armor
35:22 Capped Ram
36:57 Conscription
40:09 Chemistry
39:14 Siege Engineers
39:40 Architecture
39:11 Cavalier
46:38 Arbalester
47:22 Bracer
47:22 Padded Archer Armor
47:58 Plate Barding Armor
47:23 Scale Mail Armor
47:34 Forging
48:30 Pikeman
53:14 Arquebus
Emilioxj25
6:48 Feudal Age
8:46 Double-Bit Axe
8:43 Horse Collar
15:57 Castle Age
18:14 Bow Saw
19:32 Padded Archer Armor
22:22 Stone Mining
25:25 Wheelbarrow
28:10 Hand Cart
30:42 Imperial Age
33:35 Ballistics
34:16 Chemistry
35:18 Chemistry
37:30 Light Cavalry
38:20 Bloodlines
38:18 Hussar
40:27 Onager
41:11 Cavalier
45:19 Husbandry
45:42 Scale Barding Armor
49:11 Pikeman
49:52 Squires
52:05 Heavy Cavalry Archer
53:11 Parthian Tactics
Connection lost

Rejoining the realm…

Still unreachable

The connection could not be restored.

Session expired

The server has moved on; the page needs a fresh start.